 Dungeon Crawl Stone Soup version 0.28.0-49-g6dfe1f597d (webtiles) character file.

Game seed: 3087664042912354086

81 pkoi the Gusty (level 4, 0/33 HPs)
             Began as a Demigod Air Elementalist on May 18, 2022.
             Killed by divine providence
             ... invoked by an orc priest
              (12 damage)
             ... on level 3 of the Dungeon.
             The game lasted 00:02:12 (2231 turns).

pkoi the Gusty (Demigod Air Elementalist)           Turns: 2231, Time: 00:02:12

Health: 0/33       AC:  3    Str:  9    XL:     4   Next: 0%
Magic:  7/10       EV: 12    Int: 21    God:
Gold:   55         SH:  0    Dex: 14    Spells: 4/7 levels left

rFire   . . .      SeeInvis .   e - +0 mace
rCold   . . .      Faith    .   (no shield)
rNeg    . . .      Spirit   .   a - +0 robe
rPois   .          Reflect  .   f - +0 helmet
rElec   .          Harm     .   (no cloak)
rCorr   .          Rampage  .   (no gloves)
Will    .....                   (no boots)
Stlth   +.........              (no amulet)
HPRegen 0.11/turn               (no ring)
MPRegen 0.12/turn               (no ring)

@: confused
A: high MP 1, forlorn, divine attributes
a: no special abilities


You were on level 3 of the Dungeon.
You visited 1 branch of the dungeon, and saw 3 of its levels.

You collected 55 gold pieces.

Inventory:

Hand Weapons
 e - a +0 mace (weapon)
Armour
 a - a +0 robe (worn)
 f - a +0 helmet (worn)
Jewellery
 d - a ring of poison resistance
Scrolls
 b - 2 scrolls of fear {unknown}
 c - 2 scrolls of noise {unknown}
 g - a scroll of amnesia {unknown}
 h - a scroll of vulnerability {unknown}
 k - a scroll of torment {unknown}
Potions
 i - a potion of heal wounds {unknown}
 j - a potion of haste {unknown}


   Skills:
 - Level 1.7 Dodging
 - Level 1.7 Stealth
 + Level 2.3 Spellcasting
 + Level 1.9 Conjurations
 * Level 3.8 Air Magic


You had 4 spell levels left.
You knew the following spells:

 Your Spells              Type           Power      Damage    Failure   Level
a - Shock                 Conj/Air       56%        1d6       4%          1
b - Static Discharge      Conj/Air       14%        N/A       7%          2

Your spell library contained the following spells:

 Spells                   Type           Power      Damage    Failure   Level
 Swiftness                Air            18%        N/A       9%          3
 Animate Skeleton         Necr           4%         N/A       14%         1
 Apportation              Tloc           4%         N/A       14%         1
 Pain                     Necr           8%         1d4       14%         1
 Summon Small Mammal      Summ           8%         N/A       14%         1
 Airstrike                Air            9%         N/A       28%         4
 Call Canine Familiar     Summ           2%         N/A       38%         3
 Summon Guardian Golem    Hex/Summ       2%         N/A       38%         3
 Vampiric Draining        Necr           2%         2d6       38%         3
 Alistair's Intoxication  Tmut/Pois      1%         N/A       98%         5


Dungeon Overview and Level Annotations

Branches:
Dungeon (3/15)

Shops:
D:1 [


Innate Abilities, Weirdness & Mutations

You have an increased reservoir of magic. (+10% MP)
You shall have no god before yourself.
Your divine heritage dramatically boosts your attributes as you level up.


Message History

The orc wizard is lightly wounded.
The orc wizard shouts! x2; The orc shouts!
The orc wizard gestures wildly while chanting.
The orc wizard flickers and vanishes!
Deactivating autopickup; reactivate with Ctrl-A.
An orc comes into view. It is wielding a +0 mace.
The zap hits the orc priest.
The orc priest is moderately wounded.
The zap hits the orc priest but does no damage.
The orc priest is moderately wounded.
Unknown command.
The zap hits the orc priest.
The orc priest is heavily wounded.
The zap hits the orc priest.
The orc priest is heavily wounded.
You hear some strange, mumbled words.
You are confused.
The orc priest calls down the wrath of Beogh upon you.
Beogh smites you!
* * * LOW HITPOINT WARNING * * *
You are too injured to fight recklessly!
Unknown command.
You are too injured to fight recklessly!
Unknown command.
In your confused state, you trip and fall back down the stairs.
* * * LOW HITPOINT WARNING * * *
There are monsters nearby!
There are monsters nearby!
The orc hits you with a +0 mace.
* * * LOW HITPOINT WARNING * * *
Something hits you.
* * * LOW HITPOINT WARNING * * *
The orc priest looks braver for a moment.
In your confused state, you trip and fall back down the stairs.
* * * LOW HITPOINT WARNING * * *
The orc hits you with a +0 mace.
* * * LOW HITPOINT WARNING * * *
The orc priest calls down the wrath of Beogh upon you.
Beogh smites you!
You die...

...#.#
..#
.#.(...
..
......
.. #....
.#
#....#o#
#..B...


#ooo# #..@# #...# #...# #...# ..... $..... ....... ####...## You could see an
orc priest, an orc wizard, 2 orcs and a giant cockroach.

Vanquished Creatures
  A hound (D:2)
  An adder (D:2)
  2 worms (D:2)
  A dart slug (D:1)
  2 ball pythons (D:1)
  6 endoplasms
  2 giant cockroaches (D:1)
  3 hobgoblins (D:1)
  2 jackals (D:1)
  3 quokkas
  A bat (D:1)
  3 frilled lizards
  A goblin (D:1)
  4 kobolds
  2 rats
34 creatures vanquished.

Notes
Turn   | Place    | Note
-------+----------+-------------------------------------------
     0 | D:1      | pkoi the Demigod Air Elementalist began the quest for the
                  | Orb.
     0 | D:1      | Reached XP level 1. HP: 14/14 MP: 5/5
   180 | D:1      | Reached skill level 1 in Conjurations
   724 | D:1      | Reached skill level 3 in Air Magic
   873 | D:1      | Reached XP level 2. HP: 20/20 MP: 2/7
  1348 | D:1      | Learned a level 2 spell: Static Discharge
  1457 | D:1      | Found Haixidgh's Armour Boutique.
  1544 | D:2      | Reached XP level 3. HP: 24/26 MP: 2/9
  2091 | D:2      | Reached XP level 4. HP: 33/33 MP: 2/10
  2231 | D:3      | Killed from afar by an orc priest

Illustrated notes

Levels and vault maps discovered:
D:1:      minmay_arrival_loop, layout_basic, serial_shops, shop
D:2:      layout_basic, basic_altar, chequers_garden
D:3:      layout_loops_cross, minmay_crystal_room, kennysheep_generic_room_13

Skill      XL: |  1 |
---------------+----+-----
Conjurations   | 1 |  1.9
Air Magic      | 3 |  3.8
Spellcasting   | 2 |  2.3
Dodging        | |  1.7
Stealth        | |  1.7

Action                   |  1- 3 |  4- 6 || total
-------------------------+-------+-------++-------
Melee: Mace              |    11 |       ||    11
       Unarmed           |     3 |       ||     3
       Punch             |     1 |       ||     1
 Cast: Shock             |    79 |     4 ||    83
Armor: Robe              |     3 |       ||     3
Dodge: Dodged            |    23 |       ||    23
